[Event "*** Titled Tuesday 3|2 Blitz"]
[Site "Chess.com"]
[Date "2015.09.01"]
[Round "2"]
[White "Krutoy123"]
[Black "HZMC92"]
[Result "1-0"]
[WhiteElo "2200"]
[BlackElo "2276"]
[TimeControl "180+2"]
[EndTime "11:21:04 PDT"]
[Termination "Krutoy123 won by resignation"]

1. e4 c5 2. Nf3 d6 3. d4 cxd4 4.
Nxd4 Nf6 5. f3 g6 6. c4 Bg7 7.
Nc3 O-O 8. Be3 Nc6 9. Qd2 Bd7 10.
Be2 Qa5 11. O-O Rfc8 12. Rfc1 Nxd4 13. Bxd4 Bc6 14. a3 Qd8 15. b4 a6 16. Rab1 Qf8 17. Be3 Nd7 18. b5 axb5 19. cxb5 Rxa3 20. bxc6 bxc6 21.
Bd4 Bh6 22. Be3 Bg7 23. Rb7 Nc5 24. Bxc5 dxc5 25. Rd7 Bd4+ 26. Kh1 Rb8 27. Nd1 Qe8 28. Rc7 Qd8 29. Rxc6 e5 30. Bc4 Rb7 31. Bd5 Rd7 32. Qe2 Qh4 33. g3 Qh5 34. Kg2 Qg5 35. Rb1 h5 36. Nf2 Bxf2 37. Qxf2 Rd3 38. Re1 Ra7 39. h4 Qd8 40. Rxc5 Raa3 41. Rc6 Kg7 42. Rc2 Qa5 43. Rce2 Qc3 44. Rf1 Ra4 45. Qe1 Qd4 46.
Qf2 Qc3 47. Rb1 Rad4 48. Rb7 Rd2 49. Rxf7+ Kh6 50. Kh3 Qc1 51. Qe3+ 1-0

[Event "*** Titled Tuesday 3|2 Blitz"]
[Site "Chess.com"]
[Date "2015.09.01"]
[Round "2"]
[White "alexsuper1987"]
[Black "Lapitch"]
[Result "0-1"]
[WhiteElo "2128"]
[BlackElo "2461"]
[TimeControl "180+2"]
[EndTime "11:21:05 PDT"]
[Termination "Lapitch won on time"]

1. e4 c5 2. Nf3 d6 3. d4 cxd4 4. Nxd4 Nf6 5. Nc3 Nc6 6. Be3 Ng4 7. Bc1 Qb6 8. Bb5 Bd7 9. Bxc6 bxc6 10. O-O g6 11. h3 Bg7 12. Nb3 Ne5 13. Be3 Qb7 14. Qe2 Be6 15. Rfd1 c5 16. Nd5 O-O 17. f4 Nc6 18. c3 a5 19. Rab1 Rab8 20. Nd2 Rfe8 21.
Nf3 a4 22. Ng5 Bd7 23. f5 Ne5 24. Bf4 Bb5 25. Qf2 Nd3 26. Qh4 h6 27. Nxf7 Kxf7 28. fxg6+ Kxg6 29. Rf1 e6 30. Qg4+ Kh7 31. Bxh6 exd5 32.
Qf5+ Kh8 33. Qh5 Kg8 34. Rf5 Re5 35. Rbf1 Bxh6 36. Qxh6 Qg7 37. Qxd6 Rbe8 38. Rxe5 Nxe5 39. Qxd5+ Kh8 40. Rf5 Be2 41. g4 Nxg4 42. hxg4 Bxg4 43. Rg5 Be6 0-1

[Event "*** Titled Tuesday 3|2 Blitz"]
[Site "Chess.com"]
[Date "2015.09.01"]
[Round "2"]
[White "arnacman"]
[Black "drifblim"]
[Result "1-0"]
[WhiteElo "2234"]
[BlackElo "2161"]
[TimeControl "180+2"]
[EndTime "11:21:06 PDT"]
[Termination "arnacman won by resignation"]

1. e4 e6 2. d4 d5 3. Nc3 Nf6 4. e5 Nfd7 5. f4 c5 6. Nf3 Nc6 7. Be3 Be7 8. Qd2 a6 9. dxc5 Nxc5 10. O-O-O Bd7 11. Qf2 b6 12. Nd4 Nxd4 13. Bxd4 O-O 14. f5 exf5 15. Nxd5 Be6 16. Nf4 Qc7 17. Nxe6 fxe6 18.
Bc4 Qc6 19. Qf3 Ne4 20. Qb3 Bg5+ 21. Kb1 Rfe8 22. a4 Nd2+ 23. Rxd2 Bxd2 24. Rd1 Bg5 25. Bxb6 Rac8 26. Bxa6 Rb8 27. a5 Qxg2 28. Bc4 Kh8 29.
Bxe6 Qxh2 30. Qd5 h6 31. Qd6 Ra8 32. Bd5 Rac8 33. Bb3 Rcd8 34. Bxd8 Rxd8 35. Qxd8+ Bxd8 36. Rxd8+ Kh7 37. e6 Qe5 38. a6 f4 39. c3 Qe4+ 40. Bc2 1-0

[Event "*** Titled Tuesday 3|2 Blitz"]
[Site "Chess.com"]
[Date "2015.09.01"]
[Round "2"]
[White "kikydu96"]
[Black "pedromartinez91"]
[Result "1-0"]
[WhiteElo "2170"]
[BlackElo "2202"]
[TimeControl "180+2"]
[EndTime "11:21:06 PDT"]
[Termination "kikydu96 won by resignation"]

1. e4 c5 2. c3 Nf6 3. e5 Nd5 4.
d4 cxd4 5. Nf3 Nc6 6. cxd4 d6 7. Bc4 Nb6 8. Bb3 d5 9. Nh4 e6 10. Nf3 Be7 11. Nc3 Bd7 12. O-O Na5 13. Bc2 Nac4 14. Re1 Rc8 15. Nd2 Na3 16. bxa3 Rxc3 17. Bb2 Rc7 18.
Rc1 Qc8 19. f4 Nc4 20. Nxc4 Rxc4 21. Bb3 Rxc1 22. Qxc1 Qxc1 23. Rxc1 Bd8 24. Bc3 O-O 25. Bb4 Re8 26. Kf2 Bb6 27. Ke3 f6 28. a4 fxe5 29.
fxe5 Rc8 30. Rxc8+ Bxc8 31. a5 Bd8 32. Ba4 Kf7 33.
Kf4 Be7 34. Bd6 Bd8 35. Bb4 Be7 36. Bd6 Bh4 37. g3 Bd8 38. Bc5 Bxa5 39. Bxa7 b6 40.
Bb8 Ba6 41. Bd6 Bc4 42. a3 Bd2+ 43. Kf3 Bd3 44. Bc7 Ba5 45. Ke3 Bc4 46. Bc2 h6 47. h4 Ke7 48. Bd6+ Kf7 49. h5 b5 50.
Bg6+ Kg8 51. Be7 Bc3 52. g4 Bb2 53. Bc5 Bc1+ 54. Kf3 Bg5 55. Be8 Bd3 56. Bg6 Bc4 57.
Kf2 Bd2 58. Bb4 Bxb4 59. axb4 Kf8 60. Kg3 Ke7 61. Kf4 Bf1 62. Ke3 Bg2 63. Bd3 Bh3 64. Kf3 Kd7 65. Kg3 Bf1 66. Bxf1 Kc6 67. Bd3 1-0

[Event "*** Titled Tuesday 3|2 Blitz"]
[Site "Chess.com"]
[Date "2015.09.01"]
[Round "2"]
[White "Zlatan56"]
[Black "stepanosinovsky"]
[Result "1-0"]
[WhiteElo "2545"]
[BlackElo "2266"]
[TimeControl "180+2"]
[EndTime "11:21:09 PDT"]
[Termination "Zlatan56 won by resignation"]

1. Nf3 Nf6 2. g3 g6 3. Bg2 Bg7 4. O-O O-O 5. d4 d6 6. a4 Nbd7 7. a5 e5 8. a6 e4 9. Nfd2 d5 10.
axb7 Bxb7 11. Nb3 Re8 12. Na5 Rb8 13. Nc3 h5 14. Bf4 Nf8 15. Nb3 Ne6 16. Be5 a6 17. Na4 Nd7 18. Bxg7 Kxg7 19. e3 h4 20. c4 hxg3 21.
fxg3 Qg5 22. Qd2 dxc4 23. Na5 Bd5 24. Nc3 c6 25. Nxe4 Qe7 26. Nc3 Bxg2 27. Qxg2 Ng5 28. Rae1 Qe6 29. Nxc6 Rb6 30. d5 Qg4 31. h4 Nh7 32.
Rf4 Qh5 33. Ref1 f5 34. g4 Qxh4 35. gxf5 Qg5 36. Qxg5 Nxg5 37. Rg4 Kh6 38. f6 Nxf6 39. Rxf6 Rxb2 40. e4 a5 41. d6 a4 42. d7 Ra8 43.
d8=Q Rxd8 44. Nxd8 a3 45. Nf7+ Nxf7 46. Rxf7 Rc2 47.
Rg3 g5 48. Ra7 1-0

[Event "*** Titled Tuesday 3|2 Blitz"]
[Site "Chess.com"]
[Date "2015.09.01"]
[Round "2"]
[White "AlexanderL"]
[Black "nightmaresknight"]
[Result "1-0"]
[WhiteElo "2535"]
[BlackElo "2317"]
[TimeControl "180+2"]
[EndTime "11:21:12 PDT"]
[Termination "AlexanderL won by resignation"]

1. d4 d5 2. c4 dxc4 3. e3 Nf6 4. Bxc4 e6 5. Nf3 c5 6. O-O a6 7.
Bb3 b5 8. Qe2 Bb7 9. Rd1 Nbd7 10. Nc3 Qb8 11. d5 exd5 12. Nxd5 Nxd5 13. Bxd5 Bxd5 14.
Rxd5 Qb7 15. e4 Be7 16. Bg5 f6 17. Bf4 O-O 18. Rd2 Rfe8 19. Rad1 Nb6 20. b3 Rad8 21. e5 Rxd2 22. Rxd2 Bf8 23. Qd1 Qe4 24. Bg3 fxe5 25. h3 c4 26. Rd8 Qc6 27. Nxe5 Rxd8 28. Qxd8 Qe6 29. Bf4 cxb3 30. axb3 Nd5 31. Nd7 Qf5 32. Bd6 h6 33. Nxf8 Qb1+ 34. Kh2 Qf5 35. f4 Nf6 36.
Nd7+ Kh7 37. Nxf6+ gxf6 38. Qe7+ Kg6 39. Qe8+ Kg7 40. Qf8+ Kg6 41. Qg8+ 1-0

[Event "*** Titled Tuesday 3|2 Blitz"]
[Site "Chess.com"]
[Date "2015.09.01"]
[Round "2"]
[White "SidArun"]
[Black "alturas_pacificas"]
[Result "1-0"]
[WhiteElo "1894"]
[BlackElo "2020"]
[TimeControl "180+2"]
[EndTime "11:21:16 PDT"]
[Termination "SidArun won by checkmate"]

1. e4 e5 2. f4 Bc5 3. Nf3 d6 4. Nc3 Nf6 5. d4 exd4 6. Nxd4 O-O 7. Be2 Re8 8. Qd3 Qe7 9. Be3 Nxe4 10. Nd5 Qh4+ 11. g3 Qd8 12. O-O-O Nc6 13. Bf3 Nf6 14. Nxc6 bxc6 15. Bxc5 cxd5 16. Bd4 c6 17. Rhe1 Bd7 18.
Qc3 a5 19. Rxe8+ Bxe8 20. Bxf6 Qxf6 21. Qxf6 gxf6 22. c4 dxc4 23. Rxd6 Rc8 24. Rxf6 Kg7 25. Rf5 Bd7 26. Rxa5 Be6 27. f5 Bd7 28. g4 Be8 29.
Rc5 h5 30. gxh5 Kf6 31. Rxc4 Bd7 32. Kd2 Rc7 33. b4 Kxf5 34. b5 Ke5 35. Bxc6 Be6 36. Rc3 Bxa2 37. b6 Rc8 38. b7 Rb8 39. Ra3 Rxb7 40. Bxb7 Be6 41. Re3+ Kf6 42. Bf3 Kg5 43.
Kc3 Bf5 44. Kd4 f6 45. Be4 Bg4 46. Rg3 Kxh5 47. Bf3 f5 48. Ke5 Kh4 49. Bxg4 f4 50. Rg1 f3 51. Bxf3 Kh3 52. Kf4 Kxh2 53. Rh1# 1-0

[Event "*** Titled Tuesday 3|2 Blitz"]
[Site "Chess.com"]
[Date "2015.09.01"]
[Round "2"]
[White "motivated_bishop"]
[Black "Gabrinsky"]
[Result "1-0"]
[WhiteElo "2106"]
[BlackElo "1805"]
[TimeControl "180+2"]
[EndTime "11:21:17 PDT"]
[Termination "motivated_bishop won by resignation"]

1. d4 e6 2. c4 Nf6 3. Nc3 Bb4 4. Qc2 d5 5. cxd5 Qxd5 6. e3 c5 7. Bd2 Bxc3 8. Bxc3 Nc6 9. Nf3 Bd7 10. Bd3 cxd4 11.
Nxd4 Rc8 12. Nxc6 Bxc6 13. O-O-O Qxa2 14. Qb1 Qxb1+ 15. Kxb1 O-O 16. f3 Nd5 17. Bd4 b6 18. Ba6 Rcd8 19. Rc1 Ba8 20. Rc4 Rfe8 21. e4 Ne7 22. Rhc1 Bc6 23. Be5 f6 24. Bc7 Rd7 25. Rxc6 Nxc6 26. Rxc6 Kf7 27. Bb5 Ree7 28. Bg3 e5 29.
Bc4+ Kg6 30. Bd5 Rc7 31. Rd6 Rcd7 32. Rc6 h5 33. h3 Kg5 34. b4 h4 35. Bh2 Rc7 36. b5 Red7 37. Kc2 Kg6 38. f4 Re7 39. fxe5 Rxc6+ 40. bxc6 fxe5 41. Kd3 Kf6 42. Kc4 a6 43. Bg1 b5+ 44. Kb4 Rc7 45. Bb6 Rc8 46. c7 Ke7 47.
Bb7 Kd7 48. Bxa6 Rxc7 49. Bxb5+ Kd6 50. Bxc7+ Kxc7 51. Kc5 1-0

[Event "*** Titled Tuesday 3|2 Blitz"]
[Site "Chess.com"]
[Date "2015.09.01"]
[Round "2"]
[White "PauloCesarCosta"]
[Black "Dale"]
[Result "1/2-1/2"]
[WhiteElo "2021"]
[BlackElo "1945"]
[TimeControl "180+2"]
[EndTime "11:21:20 PDT"]
[Termination "Game drawn by repetition"]

1. Nf3 Nf6 2. c4 g6 3. b3 d6 4.
Bb2 Nc6 5. e3 Bg7 6. Be2 h6 7.
d4 g5 8. d5 Nb8 9. h3 Rg8 10. Nbd2 g4 11. hxg4 Nxg4 12. Bxg7 Rxg7 13. Qc2 c6 14. Nd4 cxd5 15. cxd5 Na6 16. Bb5+ Kf8 17. Bxa6 bxa6 18. Rc1 Bb7 19. Nc6 Qb6 20. Qe4 Re8 21. O-O Nf6 22. Qf3 h5 23. Nc4 Qb5 24. e4 Bxc6 25. dxc6 Qxc6 26. Rfe1 Qb5 27. Nxd6 exd6 28.
Qxf6 Qg5 29. Qxd6+ Kg8 30. Qh2 Qd2 31. a4 Qg5 32. e5 a5 33. Rcd1 Qg4 34. f3 Qb4 35.
Qxh5 Qxb3 36. e6 Qb6+ 37. Kf1 Rxe6 38. Rxe6 fxe6 39. Qe8+ Kh7 40. Qh5+ Kg8 41. Qe8+ Kh7 42. Qh5+ Kg8 43. Qe8+ Kh7 44. Qh5+ 1/2-1/2

[Event "*** Titled Tuesday 3|2 Blitz"]
[Site "Chess.com"]
[Date "2015.09.01"]
[Round "2"]
[White "dretch"]
[Black "Mazetovic"]
[Result "1-0"]
[WhiteElo "2628"]
[BlackElo "2380"]
[TimeControl "180+2"]
[EndTime "11:21:22 PDT"]
[Termination "dretch won by resignation"]

1. d4 Nf6 2. c4 g6 3. Nc3 Bg7 4. e4 d6 5. Nf3 O-O 6. h3 e5 7. dxe5 dxe5 8. Qxd8 Rxd8 9. Bg5 c6 10.
Nxe5 Re8 11. O-O-O Na6 12. Nf3 Nc5 13. e5 Nfd7 14. Be3 b6 15. g4 Nxe5 16. Nxe5 Bxe5 17.
Bg2 Bb7 18. Bxc5 bxc5 19. Rd7 Rab8 20. Rxb7 Rxb7 21. Bxc6 Bxc3 22. bxc3 Rbb8 23. Bxe8 Rxe8 24. Kd2 Re4 25. Kd3 Rf4 26. Rf1 Rf3+ 27. Ke4 Rxh3 28. Kd5 Rxc3 29. Kxc5 Kg7 30. a4 Kf6 31. Rb1 h5 32.
gxh5 gxh5 33. Rb7 h4 34. Rxa7 h3 35. Ra8 Kg7 36. Re8 Rf3 37. a5 h2 38. Re1 Rxf2 39. a6 Ra2 40. Kb6 Rb2+ 41. Kc7 Ra2 42. Rh1 Rxa6 43. Rxh2 Ra1 44. Rc2 f5 45. c5 Kf6 46. c6 Ra8 47. Kb7 Rh8 48. c7 f4 49.
Rc5 Ke6 50. c8=Q+ 1-0

[Event "*** Titled Tuesday 3|2 Blitz"]
[Site "Chess.com"]
[Date "2015.09.01"]
[Round "2"]
[White "jkidjr22"]
[Black "SCIM"]
[Result "1-0"]
[WhiteElo "2275"]
[BlackElo "2152"]
[TimeControl "180+2"]
[EndTime "11:21:24 PDT"]
[Termination "jkidjr22 won by resignation"]

1. b3 e5 2. Bb2 Nc6 3. e3 Nf6 4. Nf3 d6 5. d4 e4 6. Nfd2 Be7 7. c4 O-O 8. Nc3 Bf5 9. Be2 Re8 10. g4 Bg6 11. g5 Nd7 12. h4 Nb4 13.
a3 Nd3+ 14. Bxd3 exd3 15. Qf3 f6 16. h5 Bf7 17. g6 hxg6 18. hxg6 Bxg6 19. O-O-O c6 20.
Rdg1 Nf8 21. e4 b5 22. Qxd3 bxc4 23. Qxc4+ d5 24. exd5 cxd5 25. Qf1 Rc8 26. Qh3 Bxa3 27. Bxa3 Qa5 28. Kb2 Re2 29. Rd1 Qa6 30. Bxf8 Kxf8 31.
Rhe1 Rxe1 32. Rxe1 Kg8 33. Qe6+ Qxe6 34. Rxe6 Bf7 35.
Re7 a5 36. Na4 Kf8 37. Ra7 Re8 38. Rxa5 Re2 39. Kc1 Rxf2 40. b4 g5 41. b5 Be8 42.
b6 Bc6 43. Rc5 Bb7 44. Rc7 Ba6 45. Nc5 1-0

[Event "*** Titled Tuesday 3|2 Blitz"]
[Site "Chess.com"]
[Date "2015.09.01"]
[Round "2"]
[White "Fh2411"]
[Black "MMSANCHEZ"]
[Result "1/2-1/2"]
[WhiteElo "2191"]
[BlackElo "2280"]
[TimeControl "180+2"]
[EndTime "11:21:27 PDT"]
[Termination "Game drawn by repetition"]

1. e4 d5 2. exd5 Qxd5 3. Nc3 Qd6 4. d4 Nf6 5. Nf3 c6 6. h3 Bf5 7. Bc4 Nbd7 8. O-O e6 9. Bb3 Qc7 10. Re1 Bd6 11. d5 cxd5 12. Nd4 O-O 13. Nxf5 exf5 14. Nxd5 Nxd5 15. Qxd5 Ne5 16. Bd2 Rad8 17. Bc3 Rfe8 18. Rad1 g6 19. Kh1 f4 20. f3 Qe7 21. Qe4 Nc6 22. Qc4 Be5 23. Rxd8 Rxd8 24. Bxe5 Nxe5 25. Qxf4 Re8 26. Qe4 Kg7 27. f4 Nc6 28. Qxe7 Rxe7 29. Rxe7 Nxe7 30. Kg1 Kf6 31. Kf2 g5 32. Kf3 gxf4 33.
Kxf4 b6 34. g4 Ng6+ 35. Kg3 Ne5 36. Bd5 Nd7 37. Kf4 Nc5 38. h4 h6 39. g5+ hxg5+ 40.
hxg5+ Kg6 41. b4 Nd7 42. Be4+ Kg7 43. c4 f6 44. g6 Nf8 45. c5 bxc5 46. bxc5 Ne6+ 47.
Kf5 Nxc5 48. Bc2 Nd7 49. Kg4 Ne5+ 50. Kh5 Nc4 51. Bf5 Ne5 52. Be4 Nc4 53. Bf5 Ne5 54. Be4 Nc4 55. Bf5 Ne5 1/2-1/2

[Event "*** Titled Tuesday 3|2 Blitz"]
[Site "Chess.com"]
[Date "2015.09.01"]
[Round "2"]
[White "Keaton87"]
[Black "VSERGUEI"]
[Result "1/2-1/2"]
[WhiteElo "2422"]
[BlackElo "2531"]
[TimeControl "180+2"]
[EndTime "11:21:28 PDT"]
[Termination "Game drawn by repetition"]

1. d4 d5 2. Nf3 Nf6 3. Bf4 c5 4. e3 e6 5. c3 Nc6 6. Bd3 b6 7. O-O Bb7 8. Nbd2 Be7 9. h3 O-O 10. Ne5 a6 11. Qe2 b5 12. Rad1 Rc8 13. Nxc6 Bxc6 14.
e4 cxd4 15. e5 Nd7 16. cxd4 Qa5 17. Bb1 Nb6 18. Rc1 Bd7 19. Nb3 Qa4 20. Qd3 g6 21.
Bh6 Rfd8 22. Nc5 Qb4 23. Bd2 Qxb2 24. Rc2 Qxc2 25. Bxc2 Bxc5 26. dxc5 Rxc5 27. Be3 Rc6 28. Bxb6 Rxb6 29. Qe3 Rc6 30. Bd1 Be8 31. h4 d4 32.
Qd2 Rc5 33. Re1 h5 34. Re4 d3 35. Re3 Rcd5 36. Bf3 Rd4 37. Be4 b4 38. f3 Bb5 39.
Kh2 a5 40. Kg3 a4 41. Re1 Bc4 42. Rb1 b3 43. axb3 Bxb3 44. Rc1 a3 45. Qh6 d2 46.
Bxg6 fxg6 47. Qxg6+ Kh8 48. Qh6+ Kg8 49. Qg6+ Kf8 50. Qf6+ Kg8 51. Qg6+ Kf8 52. Qf6+ Kg8 53. Qg6+ 1/2-1/2

[Event "*** Titled Tuesday 3|2 Blitz"]
[Site "Chess.com"]
[Date "2015.09.01"]
[Round "2"]
[White "PawelCzarnota"]
[Black "wonderfultime"]
[Result "0-1"]
[WhiteElo "2435"]
[BlackElo "2638"]
[TimeControl "180+2"]
[EndTime "11:21:28 PDT"]
[Termination "wonderfultime won by resignation"]

1. e4 c5 2. Nf3 Nc6 3. d4 cxd4 4. Nxd4 e5 5. Nb5 d6 6. c4 Be7 7. N1c3 a6 8. Na3 Nf6 9. Be2 Be6 10. O-O O-O 11.
Be3 Rc8 12. Rc1 Nd7 13. Nc2 Re8 14. Qd2 Bf8 15. Rfd1 Qf6 16. b4 Qg6 17. f3 f5 18.
Bf1 Nf6 19. exf5 Bxf5 20. a3 Kh8 21. Bf2 Bxc2 22. Qxc2 Qh6 23. Qd2 Qh5 24. Nd5 Nxd5 25. Qxd5 Qg5 26. Qe4 Ne7 27. Rxd6 Qxc1 28. Rd7 Rcd8 29.
Qxb7 Nf5 30. g3 Ne3 31. Bxe3 Qxe3+ 32. Kg2 e4 33. fxe4 Rxd7 34. Qxd7 Qxe4+ 35. Kh3 a5 36. c5 axb4 37. axb4 Qe6+ 38. Qxe6 Rxe6 39. Bg2 Re2 40. Bd5 Rb2 41. c6 Bd6 42. Kg4 Rxb4+ 43. Kf5 Rb2 44. Ke6 Bc7 45. Kd7 Ba5 46. c7 Bxc7 47.
Kxc7 Rxh2 48. Be6 h5 49. Kd6 Rg2 50. Bf7 Rxg3 51. Bxh5 Re3 52. Kd5 Kh7 53. Kd4 Re1 54. Bf3 Kh6 55. Be4 Kg5 56. Ke5 Re2 57. Kd4 Kf4 58. Bd3 Rd2 59. Kc3 Rxd3+ 60. Kxd3 Kf3 61. Kd4 g5 62. Ke5 g4 0-1

[Event "*** Titled Tuesday 3|2 Blitz"]
[Site "Chess.com"]
[Date "2015.09.01"]
[Round "2"]
[White "gmsakk"]
[Black "jup1978"]
[Result "1-0"]
[WhiteElo "2406"]
[BlackElo "2151"]
[TimeControl "180+2"]
[EndTime "11:21:33 PDT"]
[Termination "gmsakk won by resignation"]

1. d4 d5 2. c4 c6 3. Nf3 Nf6 4. Qb3 dxc4 5. Qxc4 Bf5 6. g3 e6 7. Bg2 Be7 8. O-O O-O 9. Ne5 Nbd7 10. Nxd7 Qxd7 11.
Nc3 Bg6 12. e4 Rfd8 13. Rd1 c5 14. Be3 cxd4 15. Bxd4 Rac8 16. Qb3 Qc6 17. e5 Nd5 18. Rac1 Nxc3 19. Rxc3 Qa6 20. Bxb7 Rxc3 21. bxc3 Qe2 22.
Rc1 Bg5 23. Qd1 Qb5 24. f4 Bxf4 25. gxf4 Qxb7 26. Qe2 Qc7 27. Rd1 h6 28. Rd2 Qa5 29. Rb2 Qa4 30. Kg2 Rxd4 31. cxd4 Qxd4 32. Qf2 Qe4+ 33.
Kg3 Qd3+ 34. Qf3 Qd4 35. Rf2 Be4 36. Qb3 Qa1 37. Kh3 Bf5+ 38. Kh4 Kh7 39. Qg3 Qc1 40. Qf3 Qg1 41. Rg2 Qe1+ 42. Qg3 g5+ 43. fxg5 hxg5+ 44. Kxg5 Qc1+ 45. Kf6 Qh6+ 46. Ke7 Bg6 47. Qg5 Qg7 48.
Qf6 Qh6 49. Rg4 Kg8 50. Rh4 Qf8+ 51. Kd7 Qg7 52. Qxg7+ Kxg7 53. Ke7 Bf5 54. Ra4 1-0

[Event "*** Titled Tuesday 3|2 Blitz"]
[Site "Chess.com"]
[Date "2015.09.01"]
[Round "2"]
[White "Boryboy"]
[Black "Moltini"]
[Result "1-0"]
[WhiteElo "2477"]
[BlackElo "2132"]
[TimeControl "180+2"]
[EndTime "11:21:43 PDT"]
[Termination "Boryboy won by resignation"]

1. d4 Nf6 2. Nf3 g6 3. g3 Bg7 4. Bg2 O-O 5. O-O d5 6. c3 c6 7. Bf4 Nbd7 8. Qc1 Re8 9. Bh6 Bh8 10. Nbd2 e5 11. dxe5 Nxe5 12. Nxe5 Rxe5 13. Re1 Bf5 14. Bf4 Re8 15. Nb3 Qb6 16. Be3 Qc7 17. Bd4 Be4 18. f3 Bf5 19. Qg5 Nd7 20. Bxh8 Kxh8 21. Nd4 Be6 22.
f4 Nc5 23. b4 Na4 24. Rac1 a5 25. a3 axb4 26. axb4 Nb6 27. h4 Nc4 28. h5 Qe7 29. Qh6 Qf6 30. hxg6 Qxg6 31. Qxg6 hxg6 32. e4 dxe4 33.
Bxe4 Bd5 34. Bxd5 cxd5 35. f5 Kg7 36. fxg6 Kxg6 37. Nf3 Rxe1+ 38. Rxe1 Ra3 39. Rc1 Ra2 40. Nd4 Nd2 41. g4 Kg5 42. Re1 Kxg4 43. Re7 f5 44. Rxb7 Ne4 45. Rf7 Nxc3 46. Nxf5 Ne2+ 47. Kf1 d4 48. b5 d3 49. Ne3+ Kg5 50. Nc4 Rc2 51.
Ne5 Nf4 52. Rd7 Rd2 53. Nf3+ Kf5 54. Nxd2 Ke6 55. Rd8 Ke7 56. Rd4 1-0

[Event "*** Titled Tuesday 3|2 Blitz"]
[Site "Chess.com"]
[Date "2015.09.01"]
[Round "2"]
[White "Maitreia"]
[Black "Mornar1951"]
[Result "0-1"]
[WhiteElo "2478"]
[BlackElo "2484"]
[TimeControl "180+2"]
[EndTime "11:21:49 PDT"]
[Termination "Mornar1951 won by resignation"]

1. c4 c5 2. g3 g6 3. Bg2 Bg7 4.
Nc3 Nc6 5. Nf3 b6 6. O-O Bb7 7. b3 Nh6 8. Bb2 Nf5 9. Qc1 O-O 10. e3 e6 11. Ne4 d5 12. cxd5 exd5 13. Bxg7 Nxg7 14.
Neg5 h6 15. Nh3 g5 16. Ne1 Qd7 17. f4 Ba6 18. fxg5 Bxf1 19. Bxf1 hxg5 20. Nxg5 Ne6 21. Ngf3 d4 22. Ng2 Qd5 23. Nfh4 Ne5 24. Bc4 Nxc4 25.
bxc4 Qe5 26. Qd1 Rad8 27. Qg4+ Qg7 28. Qxg7+ Nxg7 29. e4 d3 30. Nf3 Ne6 31. Re1 Nd4 32.
Kf2 Rfe8 33. Re3 Nc2 34. Nf4 Nxe3 35. Kxe3 Rd4 36. Ng5 Rxc4 37. Nd5 Kg7 38. Kxd3 Rd4+ 39. Kc3 f6 40. Nh3 Rexe4 41. Nhf4 Rc4+ 42. Kb3 Rcd4 43. Kc3 Re5 44. Ne3 b5 45. a3 a5 46. Ne2 b4+ 47.
axb4 axb4+ 48. Kc2 Rde4 49. Nf4 Rxe3 50. dxe3 Rxe3 51. Kd2 Ra3 52. h4 c4 53. g4 Ra2+ 54. Ke3 b3 55. Nd5 b2 56. Nc3 0-1

[Event "*** Titled Tuesday 3|2 Blitz"]
[Site "Chess.com"]
[Date "2015.09.01"]
[Round "2"]
[White "ChessTrener"]
[Black "Aygehovit1992"]
[Result "1/2-1/2"]
[WhiteElo "2524"]
[BlackElo "2343"]
[TimeControl "180+2"]
[EndTime "11:21:50 PDT"]
[Termination "Game drawn - insufficient material"]

1. e4 c5 2. Ne2 d6 3. g3 Nc6 4. Bg2 g6 5. c3 Bg7 6. d4 e5 7.
dxc5 dxc5 8. Qxd8+ Nxd8 9. Be3 b6 10. a4 Nc6 11. Na3 Be6 12. f4 Nge7 13. Nb5 O-O-O 14.
O-O Bc4 15. Kf2 h5 16. Rfd1 a6 17. Nd6+ Rxd6 18. Rxd6 Kc7 19. Rad1 h4 20. Rd7+ Kc8 21. a5 Be6 22. Rxe7 Nxe7 23. axb6 c4 24. fxe5 Bxe5 25.
Nd4 Bg4 26. Ra1 Kb7 27. Ra4 hxg3+ 28. hxg3 Nc8 29. Nf3 Bxf3 30. Bxf3 Nd6 31. Kg2 Rd8 32. Ra5 f6 33. Rd5 Nf7 34. Rxd8 Nxd8 35. Be2 Nf7 36. Bxc4 Nd6 37. Bd5+ Kb8 38. c4 Bxb2 39. c5 Nb5 40. c6 Be5 41. Bc4 Bd6 42. c7+ Bxc7 43. bxc7+ Nxc7 44. Bf4 a5 45. Kf3 Kb7 46.
Bxc7 Kxc7 47. Ke3 Kd6 48. Kd4 Ke7 49. Kd5 a4 50. g4 a3 51. Ba2 Kd7 52. Bb3 Ke7 53.
Kc6 f5 54. Kd5 fxg4 55. Kd4 g3 56. Ke3 Kd6 57. Kf3 Ke5 58. Bd5 g2 59. Kxg2 a2 60. Bxa2 Kxe4 61. Bb1+ Ke3 62. Bxg6 1/2-1/2

[Event "*** Titled Tuesday 3|2 Blitz"]
[Site "Chess.com"]
[Date "2015.09.01"]
[Round "2"]
[White "LADIESGET2KNOWME"]
[Black "MbMaster"]
[Result "0-1"]
[WhiteElo "2240"]
[BlackElo "2130"]
[TimeControl "180+2"]
[EndTime "11:21:51 PDT"]
[Termination "MbMaster won by resignation"]

1. d4 d5 2. Nc3 c6 3. e4 dxe4 4.
Nxe4 Bf5 5. Ng3 Bg6 6. Nf3 Nd7 7. h4 h6 8. Bd3 Bxd3 9. Qxd3 e6 10. Bf4 Ngf6 11.
O-O-O Be7 12. Ne4 Nxe4 13. Qxe4 Nf6 14. Qe2 Qd5 15. Kb1 Qe4 16. Qd2 O-O 17. Rde1 Qf5 18. Ne5 Nd5 19. Be3 Bb4 20. Qe2 Bxe1 21. Rxe1 Qe4 22. g4 Nxe3 23. fxe3 Rad8 24. g5 Qxh4 25. gxh6 g6 26. Rf1 Qxh6 27. Ng4 Qg5 28. Qf3 Kg7 29. Nf6 Qf5 30. Qh1 Qxf6 31. Rxf6 Kxf6 32. a4 Ke7 33. a5 a6 34. Qe1 Kd7 35. Qb4 Kc8 36. Qe7 Rde8 37. Qd6 g5 38. b4 g4 39. c4 Rg8 40.
Qg3 f6 41. Kc2 f5 42. Kb3 Re7 43. b5 cxb5 44. cxb5 axb5 45. Kb4 Rd7 46. Kxb5 Rgd8 47. Kb6 Rd6+ 48. Kc5 Rd5+ 49. Kb4 R8d6 50. Qh4 Ra6 51. Qe7 Rdxa5 52. Kc4 Kb8 53. Kd3 Ka7 54. Ke2 Ra2+ 55.
Kd3 R6a3+ 56. Kc4 Rc2+ 57. Kb4 Ra6 58. Qf6 g3 59. Qg5 g2 60. Kb3 Ra1 0-1

[Event "*** Titled Tuesday 3|2 Blitz"]
[Site "Chess.com"]
[Date "2015.09.01"]
[Round "2"]
[White "Badouuu"]
[Black "AnastasiaProtopopova"]
[Result "1-0"]
[WhiteElo "1855"]
[BlackElo "1791"]
[TimeControl "180+2"]
[EndTime "11:22:01 PDT"]
[Termination "Badouuu won by resignation"]

1. d4 Nf6 2. Nf3 e6 3. g3 b5 4. Bg2 Bb7 5. O-O d5 6. a4 b4 7. Ne5 Nbd7 8. c4 Bd6 9. Nxd7 Qxd7 10. c5 Be7 11. a5 Ba6 12. Bd2 Rb8 13. Ra4 O-O 14. Rxb4 Rxb4 15. Bxb4 Qb5 16. Bc3 Qxe2 17. Qxe2 Bxe2 18. Re1 Ba6 19. b4 c6 20. Na3 Bd8 21. Rb1 Bc7 22. b5 cxb5 23. Nxb5 Rb8 24.
Bf1 Ne4 25. Be1 Bxb5 26. Rxb5 Rxb5 27. Bxb5 e5 28. dxe5 Bxe5 29. c6 Bc7 30. f3 Nd6 31. Bd3 Kf8 32. Kf2 g6 33. Ke3 Ke7 34. Kd4 Ke6 35.
Kc5 Nf5 36. Bxf5+ gxf5 37. Kb5 Ke5 38. Ka6 d4 39. Kb7 Bd6 40. c7 Bxc7 41. Kxc7 d3 42. Bc3+ Kd5 43. Kb7 Kc4 44. Be1 Kd4 45. a6 Ke3 46.
Kxa7 d2 47. Bxd2+ Kxd2 48. Kb7 Ke2 49. a7 Kxf3 50. a8=Q Kg2 51. Qe8 Kxh2 52. Qxf7 Kxg3 53. Qxf5 1-0

[Event "*** Titled Tuesday 3|2 Blitz"]
[Site "Chess.com"]
[Date "2015.09.01"]
[Round "2"]
[White "HansCoolNiemann"]
[Black "enen0315"]
[Result "1-0"]
[WhiteElo "2032"]
[BlackElo "1880"]
[TimeControl "180+2"]
[EndTime "11:22:11 PDT"]
[Termination "HansCoolNiemann won by resignation"]

1. d4 Nf6 2. c4 g6 3. Nc3 d5 4.
Nf3 Bg7 5. Bg5 Ne4 6. cxd5 Nxg5 7. Nxg5 e6 8. Qd2 exd5 9. Qe3+ Kf8 10. Qf4 Bf6 11.
h4 c6 12. O-O-O h6 13. Nf3 Kg7 14. g4 h5 15. g5 Be7 16. Ne5 Rf8 17. Bh3 Bxh3 18.
Rxh3 Nd7 19. e4 dxe4 20. Nxe4 Nb6 21. Rf3 Nd5 22. Qd2 a5 23. Rg1 a4 24. Qc2 a3 25.
b3 Nb4 26. Qc4 Qd5 27. Qxd5 cxd5 28. Nc3 Rac8 29. Kb1 Bd6 30. Nd7 Rfe8 31. Nf6 Red8 32. Re1 Bf8 33. Rfe3 Nc6 34. Rd1 Nb4 35. Rde1 Nc6 36.
Rd1 Nb4 37. Rf3 Be7 38. Re1 Bxf6 39. gxf6+ Kf8 40. Re7 Nc6 41. Rxb7 Nxd4 42. Rd3 Nf5 43. Rxd5 Rxd5 44. Nxd5 Nxh4 45. Rd7 Nf5 46. Nb6 Re8 47.
Rd3 h4 48. Nd5 Kg8 49. b4 Re1+ 50. Kc2 Re2+ 51. Kb3 Rxf2 52. b5 Nd6 53. Ne7+ Kh7 54. Rxd6 h3 55. Rd3 Kh6 56. Rxh3+ Kg5 57. Kxa3 Rxf6 58.
Nc6 Kg4 59. Rb3 Rf5 60. b6 Ra5+ 61. Nxa5 1-0